 Dungeon Crawl Stone Soup version 0.22.1-1-ga44c0e56f4 (webtiles) character file.

156 JedernureinKreuz the Conjurer (level 4, -7/33 HPs)
             Began as a Demigod Conjurer on Sept 23, 2018.
             Mangled by a worm (12 damage)
             ... on level 3 of the Dungeon.
             The game lasted 00:10:07 (2880 turns).

JedernureinKreuz the Conjurer (Demigod Conjurer)    Turns: 2880, Time: 00:10:08

Health: -7/33      AC:  5    Str: 11    XL:     4   Next: 92%
Magic:  2/10       EV: 13    Int: 21    God:
Gold:   209        SH:  0    Dex: 16    Spells: 3/8 levels left

rFire    . . .     SeeInvis .   f - +0 dagger (curse)
rCold    . . .     Gourm    .   (no shield)
rNeg     . . .     Faith    .   a - +0 robe
rPois    +         Spirit   .   i - +2 helmet
rElec    .         Reflect  .   (no cloak)
rCorr    .         Harm     .   (no gloves)
MR       .....                  (no boots)
Stlth    ++........             (no amulet)
HPRegen  0.11/turn              n - ring of poison resistance
MPRegen  0.12/turn              (no ring)

@: no status effects
A: high mp 1
a: no special abilities


You were on level 3 of the Dungeon.
You were hungry.

You visited 1 branch of the dungeon, and saw 3 of its levels.

You collected 209 gold pieces.

Inventory:

Hand Weapons
 f - a cursed +0 dagger (weapon)
 h - a +0 mace
 j - a +0 dagger
 o - a +0 short sword
 y - a +0 quarterstaff
 z - a +0 short sword of flaming
Missiles
 u - 15 arrows
 v - 8 poisoned needles
 x - 15 bolts
 A - 2 throwing nets (quivered)
Armour
 a - a +0 robe (worn)
 i - a +2 helmet (worn)
Jewellery
 n - a ring of poison resistance (left hand)
Scrolls
 m - 2 scrolls of identify
 q - 2 scrolls of teleportation
Potions
 b - a potion of brilliance {unknown}
 d - 3 potions of curing
 g - 3 potions of haste {unknown}
 k - 2 potions of flight {unknown}
 l - a potion of lignification {unknown}
 s - a potion of might {unknown}
Comestibles
 c - 10 rations


   Skills:
 + Level 2.7 Dodging
 + Level 3.0 Stealth
 + Level 2.6 Spellcasting
 + Level 4.4 Conjurations


You had 3 spell levels left.
You knew the following spells:

 Your Spells              Type           Power        Failure   Level  Hunger
a - Magic Dart            Conj           ###.         2%          1    None
b - Iskenderun's Mystic   Conj           ###.....     22%         4    ####...

Your spell library contained the following spells:

 Spells                   Type           Power        Failure   Level  Hunger
 Searing Ray              Conj           ###...       3%          2    ##.....
 Dazzling Spray           Conj/Hex       ##....       17%         3    ###....
 Force Lance              Conj/Tloc      ##......     50%         4    ####...
 Fulminant Prism          Conj/Hex       ##........   50%         4    ####...


Dungeon Overview and Level Annotations

Branches:
Dungeon (3/15)


Innate Abilities, Weirdness & Mutations

You have an increased reservoir of magic. (+10% MP)


Message History

The worm is severely wounded.
The worm closely misses you.
You hit the worm but do no damage.
The worm is severely wounded.
The worm bites you.
You hit the worm but do no damage.
The worm is severely wounded.
You hit the worm.
The worm is severely wounded.
The worm bites you.
You hit the worm.
The worm is severely wounded.
You hit the worm but do no damage.
The worm is severely wounded.
The worm bites you.
* * * LOW HITPOINT WARNING * * *
You completely miss the worm.
The worm is severely wounded.
The worm bites you!
You die...

,,,,,,.....* *.####,,,,####.##
,,,,,,.....######....+,,,,+....#.
*+*>,,.............#**,,,,###..#.
,,*,**#............# *,,,,* #..#.
,,*,* #............# *,,,,###..#.
,,*,* #............# *,,,,#......
,,*,* #......)†....# *,,,,#......
,,*.###....(.......# *****#......
,,...,...##.....@..# #......
**#.#**####......w.#### #......
###.###...............#####......
.................................
.....##.######.#####..........##.
.....##,* #.## #.............
......#+######..# #..........###
##...[......###.## #..........+.'
##..........###..###..#.......###


You could see a worm.

Vanquished Creatures
  8 adders
  A worm (D:2)
  2 leopard geckos
  An orc (D:3)
  6 ball pythons (D:2)
  A giant cockroach (D:3)
  6 goblins
  11 hobgoblins
  7 jackals
  A quokka (D:3)
  6 bats
  4 frilled lizards
  2 gnoll zombies (D:3)
  10 kobolds
  14 rats
80 creatures vanquished.

Notes
Turn   | Place    | Note
-------+----------+-------------------------------------------
     0 | D:1      | JedernureinKreuz the Demigod Conjurer began the quest for
                  | the Orb.
     0 | D:1      | Reached XP level 1. HP: 14/14 MP: 5/5
   401 | D:1      | Reached XP level 2. HP: 20/20 MP: 0/7
  1034 | D:2      | Reached skill level 4 in Conjurations
  1102 | D:2      | Reached XP level 3. HP: 16/26 MP: 0/8
  1387 | D:2      | Found a radiant altar of Vehumet.
  1721 | D:2      | Reached XP level 4. HP: 26/33 MP: 3/10
  2068 | D:3      | Learned a level 4 spell: Iskenderun's Mystic Blast
  2178 | D:3      | Found a stormy altar of Qazlal.
  2226 | D:3      | Found a blossoming altar of Fedhas.
  2803 | D:3      | Found a basalt altar of Yredelemnul.
  2880 | D:3      | Mangled by a worm

Skill      XL: |  1  2  3  4 |
---------------+-------------+-----
Stealth        | 2 3 |  3.0
Dodging        | 2 |  2.7
Spellcasting   | 2 |  2.6
Conjurations   | 4 |  4.4

Action                   |  1- 3 |  4- 6 || total
-------------------------+-------+-------++-------
Melee: Mace              |     2 |       ||     2
       Dagger            |    46 |    86 ||   132
 Cast: Magic Dart        |    72 |    68 ||   140
  Use: Scroll            |       |     6 ||     6
 Stab: Sleeping          |       |     3 ||     3
  Eat: Chunk             |     3 |     3 ||     6
Armor: Robe              |    11 |    17 ||    28
Dodge: Dodged            |    41 |    58 ||    99
